 Dungeon Crawl Stone Soup version 0.30.1 (webtiles) character file.

Game seed: 5468151000987244948

386 Sabo the Chopper (level 6, -3/67 HPs)
             Began as an Ogre Monk on July 8, 2023.
             Was a Believer of Okawaru.
             Succumbed to a killer bee's poison
             ... on level 5 of the Dungeon.
             The game lasted 00:16:23 (3637 turns).

Sabo the Chopper (Ogre Monk)                        Turns: 3637, Time: 00:16:24

Health: -3/67      AC:  4    Str: 18    XL:     6   Next: 78%
Magic:  6/6        EV: 10    Int: 11    God:    Okawaru [**....]
Gold:   278        SH:  0    Dex: 11    Spells: 4/5 levels left

rFire   . . .        u - +0 war axe
rCold   . . .        d - orb {light}
rNeg    . . .        b - +0 robe
rPois   .            (helmet restricted)
rElec   .            h - +0 cloak
rCorr   +            (gloves unavailable)
SInv    .            (boots unavailable)
Will    .....        (no amulet)
Stlth   +            e - ring of resist corrosion
HPRegen 0.31/turn    (no ring)
MPRegen 0.10/turn

%: no passive effects
@: lethally poisoned (-3 -> -21), glowing
A: large, unfitting armour, tough skin 1
a: Renounce Religion, Heroism


You were on level 5 of the Dungeon.
You worshipped Okawaru.
Okawaru was pleased with you.
You visited 2 branches of the dungeon, and saw 6 of its levels.

You collected 278 gold pieces.

Inventory:

Hand Weapons
 l - a +0 antimagic sling
 u - a +0 war axe (weapon)
Armour
 b - a +0 robe (worn)
 d - an orb of light (worn)
 h - a +0 cloak (worn)
Jewellery
 e - a ring of resist corrosion (left hand)
 t - a ring of ice
Scrolls
 f - a scroll of magic mapping
 k - a scroll of fear
 m - a scroll of fog
 o - 5 scrolls of teleportation
 x - a scroll of vulnerability {unknown}
Potions
 a - a potion of heal wounds {unknown}
 g - 2 potions of curing {unknown}
 i - a potion of flight {unknown}
 j - 2 potions of berserk rage {unknown}
 n - a potion of invisibility {unknown}
 p - a potion of resistance {unknown}
 q - 2 potions of degeneration {unknown}
 s - a potion of magic {unknown}
 v - a potion of haste {unknown}
 z - a potion of might {unknown}


   Skills:
 + Level 5.6 Fighting
 + Level 5.9 Axes
 + Level 3.8 Dodging
 + Level 0.3 Stealth
 + Level 0.1 Spellcasting


You had 4 spell levels left.
You knew the following spells:

 Your Spells              Type           Power      Damage    Failure   Level
a - Sandblast             Erth           0%         2d4       34%         1

Your spell library contained the following spells:

 Spells                   Type           Power      Damage    Failure   Level
 Passwall                 Tmut/Erth      0%         N/A       47%         2
 Stone Arrow              Conj/Erth      0%         3d7       71%         3


Dungeon Overview and Level Annotations

Branches:
Dungeon (5/15)             Temple (1/1) D:4

Altars:
Ashenzari
Cheibriados
Fedhas
Hepliaklqana
Kikubaaqudgha
Makhleb
Okawaru
Ru
Trog
Uskayaw
Vehumet

Shops:
D:4 (


Innate Abilities, Weirdness & Mutations

You are too large for most types of armour.
You have tough skin. (AC +1)


Message History

The killer bee completely misses you.
The killer bee stings you but does no damage.
You bump into the rock wall.
You feel sick. The killer bee stings you!
* * * LOW HITPOINT WARNING * * *
You are lethally poisoned!
The killer bee poisons you! The killer bee closely misses you.
The killer bee stings you!
* * * LOW HITPOINT WARNING * * *
The killer bee closely misses you.
You slash the killer bee!
You kill the killer bee!
Okawaru accepts your kill.
You hit the killer bee but do no damage.
* * * LOW HITPOINT WARNING * * *
You feel very sick. The killer bee barely misses you.
You miss the killer bee. You slash the killer bee!
* * * LOW HITPOINT WARNING * * *
You feel very sick. The killer bee misses you. The killer bee stings you.
* * * LOW HITPOINT WARNING * * *
You are more poisoned.
The killer bee poisons you! The killer bee closely misses you.
The killer bee barely misses you. The killer bee stings you.
* * * LOW HITPOINT WARNING * * *
The killer bee closely misses you.
You miss the killer bee.
You hit the killer bee but do no damage.
You feel less invigorated.
You feel less confused.
* * * LOW HITPOINT WARNING * * *
You feel very sick. The killer bee barely misses you.
The killer bee stings you but does no damage.
The killer bee stings you.
* * * LOW HITPOINT WARNING * * *
You are more poisoned.
The killer bee poisons you! The killer bee closely misses you.
You miss the killer bee. You closely miss the killer bee.
You die...

.# ###.#
#...o #...###
#....^#
#..##.#
#.o##.#
#.yyyy##
#.###@.#
#.###..####.#
.
#...........#
.#
#####..######
.# #..#
.##### #..#
.. ..# #..#
.###.# #..#
..##)#######
#..#


You could see 4 killer bees and an orc.

Vanquished Creatures
  2 scorpions
  A killer bee (D:5)
  2 hounds
  A jelly (D:4)
  An iguana (D:5)
  4 adders
  A worm (D:4)
  A dart slug (D:3)
  3 orcs (D:3)
  2 ball pythons
  8 endoplasms
  2 giant cockroaches
  5 hobgoblins
  11 jackals
  7 kobolds
  2 quokkas
  3 bats
  7 frilled lizards
  7 goblins
  2 rats
72 creatures vanquished.

Notes
Turn   | Place    | Note
-------+----------+-------------------------------------------
     0 | D:1      | Sabo the Ogre Monk began the quest for the Orb.
     0 | D:1      | Reached XP level 1. HP: 24/24 MP: 1/1
   117 | D:1      | Reached XP level 2. HP: 32/32 MP: 2/2
  1214 | D:2      | Reached XP level 3. HP: 34/40 MP: 3/3
  1408 | D:2      | Found a faded altar of an unknown god.
  1752 | D:3      | Found an ancient bone altar of Kikubaaqudgha.
  2022 | D:3      | Reached XP level 4. HP: 46/49 MP: 4/4
  2380 | D:4      | Found a staircase to the Ecumenical Temple.
  2382 | D:4      | Noticed a scorpion
  2389 | D:4      | Killed a scorpion
  2390 | D:4      | Reached skill level 5 in Fighting
  2390 | D:4      | Reached XP level 5. HP: 25/57 MP: 5/5
  2528 | Temple   | Entered the Ecumenical Temple
  2528 | Temple   | Found a transporter.
  2528 | Temple   | Found a transporter.
  2530 | Temple   | Found a transporter.
  2530 | Temple   | Found a transporter.
  2586 | Temple   | Became a worshipper of Warmaster Okawaru
  2586 | Temple   | Reached * piety under Okawaru
  2586 | Temple   | Reached ** piety under Okawaru
  2750 | D:4      | Found a broken altar of Ashenzari.
  3039 | D:4      | Reached skill level 5 in Axes
  3041 | D:4      | Found Mesuceh's Antique Weapon Shop.
  3126 | D:4      | Learned a level 1 spell: Sandblast
  3346 | D:5      | Entered Level 5 of the Dungeon
  3403 | D:5      | Reached XP level 6. HP: 44/66 MP: 6/6
  3633 | D:5      | HP: 3/66 [killer bee (8)]
  3635 | D:5      | HP: 1/67 [killer bee (3)]
  3637 | D:5      | Succumbed to a killer bee's poison

Illustrated notes

Levels and vault maps discovered:
D:1:      dpeg_arrival_long_road, layout_loops_cross, chequers_big_river
D:2:      layout_basic, basic_ecumenical_altar, minmay_fractal_squares_5
D:3:      layout_rooms, kiku_gazebo_garden_becter, kennysheep_generic_room_13
D:4:      layout_basic, cheibrodos_ashenzari_chains,
          minmay_temple_entry_slanted, serial_shops, nicolae_shop_hallway_plus
D:5:      layout_loops_ring
Temple:   hellmonk_temple_divided_pantheon

Skill      XL: |  1  2  3  4  5 |
---------------+----------------+-----
Dodging        | 3 |  3.8
Axes           | 4 5 |  5.9
Fighting       | 5 |  5.6
Stealth        | |  0.3
Spellcasting   | |  0.1

Action                     |  1- 3 |  4- 6 || total
---------------------------+-------+-------++-------
  Melee: Hand axe          |    94 |       ||    94
         War axe           |    22 |    83 ||   105
   Cast: Sandblast         |       |     1 ||     1
    Use: Scroll            |       |     6 ||     6
         Potion            |       |     1 ||     1
 Armour: Robe              |    42 |    40 ||    82
  Dodge: Dodged            |    65 |    56 ||   121
